 Dungeon Crawl Stone Soup version 0.30.0-29-ga12c61a403 (webtiles) character file.

Game seed: 17121953521571639792

9977 javelincjr the Fighter (level 11, -13/84 HPs)
             Began as a Djinni Conjurer on June 12, 2023.
             Was an Elder of Qazlal.
             Killed from afar by Fannar (24 damage)
             ... with a bolt of cold
             ... on level 10 of the Dungeon.
             The game lasted 00:56:49 (10455 turns).

javelincjr the Fighter (Djinni Conjurer)           Turns: 10455, Time: 00:56:49

Health: -13/84     AC: 21    Str:  8    XL:     11   Next: 84%
Gold:   418        EV: 10    Int: 22    God:    Qazlal [****..] SH:  5 Dex: 12

rFire   + + +        P - +13 scythe of Curses {drain, curses, Drain}
rCold   . . .        (shield currently unavailable)
rNeg    . . .        t - +7 Kryia's mail coat {PotionHeal*2 rC+}
rPois   ∞            I - +1 helmet
rElec   .            E - scarf {rC+ rF+}
rCorr   .            s - +1 pair of gloves
SInv    .            (boots unavailable)
Will    +....        J - amulet of regeneration
Stlth   +            f - ring of fire
HPRegen 1.14/turn    (no ring)
MPRegen 0.00/turn

%: repel missiles, infuse magic (-14 HP)
@: flying, very slightly contaminated, studying Short Blades
A: sickness immunity, fire resistance 3, cold vulnerability 1, float, innate
caster, HP casting, extra vitality 1, shaggy fur 1, wild magic 1, MP-powered
wands
a: Renounce Religion, Upheaval, Elemental Force


You were on level 10 of the Dungeon.
You worshipped Qazlal.
Qazlal was greatly pleased with you.
You visited 2 branches of the dungeon, and saw 11 of its levels.
You also visited: Ossuary and Bailey.

You collected 748 gold pieces.
You spent 330 gold pieces at shops.

Inventory:

Hand Weapons
 c - a +3 dagger of holy wrath
 i - the +3 whip "Vaukeas" {drain, Contam rPois Int+2}
   (You took it off Sigmund on level 2 of the Dungeon)

   Int:       It affects your intelligence (+2).
   rPois:     It protects you from poison.
   Contam:    It causes magical contamination when unequipped.
 j - a +2 spear of venom
 m - a +2 dagger of protection
 L - a +2 halberd of protection
 M - the +9 mace of the Revolution {distort, rPois Stlth+}
   (You took it off an orc on level 9 of the Dungeon)

   rPois:     It protects you from poison.
   Stlth:     It makes you more stealthy.
 N - a +3 arbalest
 O - a +3 vampiric bardiche
 P - the +13 scythe of Curses (weapon) {drain, curses, Drain}
   (You acquired it in a bailey)

   Drain:     It drains your maximum health when unequipped.
Missiles
 D - 36 stones
 H - a throwing net
Armour
 h - a +0 cloak
 s - a +1 pair of gloves (worn)
 t - the +7 Kryia's mail coat (worn) {PotionHeal*2 rC+}
   (You took it off a hobgoblin on level 3 of the Dungeon)

   PotionHeal*2: Potions heal its wearer twice as much.
   rC:        It protects you from cold.
 E - a scarf of resistance (worn)
 I - a +1 helmet (worn)
Jewellery
 a - a ring of resist corrosion
 f - a ring of fire (left hand)
 J - an amulet of regeneration (around neck)
Wands
 g - a wand of charming (9)
 C - a wand of polymorph (9)
 G - a wand of mindburst (9)
 Q - a wand of light (2)
 S - a wand of iceblast (4)
Scrolls
 b - 4 scrolls of identify
 e - 9 scrolls of teleportation
 o - 3 scrolls of magic mapping
 p - 2 scrolls of blinking
 r - 2 scrolls of vulnerability {unknown}
 x - 2 scrolls of silence {unknown}
 y - 4 scrolls of fog {unknown}
 A - a scroll of torment {unknown}
 B - a scroll of brand weapon {unknown}
 K - a scroll of enchant armour
 R - a scroll of poison
 T - a scroll of immolation {unknown}
Potions
 d - a potion of haste
 k - 2 potions of berserk rage
 l - 3 potions of lignification {unknown}
 n - 7 potions of might
 q - a potion of resistance {unknown}
 u - 2 potions of degeneration {unknown}
 v - 4 potions of magic {unknown}
 w - 2 potions of flight {unknown}
 z - 7 potions of curing {unknown}
 F - 2 potions of attraction {unknown}


   Skills:
 * Level 9.1 Fighting
 + Level 1.0 Polearms
 * Level 8.4 Armour
 + Level 7.5 Dodging
 - Level 2.8 Stealth
 * Level 7.9 Spellcasting
 + Level 5.0 Invocations


You knew the following spells:

 Your Spells              Type           Power      Damage    Failure   Level
a - Magic Dart            Conj           100%       1d8       3%          1
b - Searing Ray           Conj           100%       2d8       5%          2
c - Dazzling Flash        Conj/Hex       100%       N/A       10%         3
d - Fulminant Prism       Conj/Hex       27%        3d14      28%         4
e - Iskenderun's Mystic   Conj/Tloc      54%        2d12      28%         4
f - Kiss of Death         Conj/Necr      100%       2d13      3%          1
g - Blink                 Tloc           100%       N/A       5%          2
h - Mephitic Cloud        Conj/Pois/Air  54%        N/A       10%         3
i - Ozocubu's Armour      Ice            54%        N/A       10%         3
j - Cause Fear            Hex            27%        N/A       28%         4
Your spell library was empty.

Dungeon Overview and Level Annotations

Branches:
Dungeon (10/15)            Temple (1/1) D:5            Lair (0/5) D:10
Ossuary (visited)          Bailey (visited)
    Orc: D:9-12

Altars:
Ashenzari
Cheibriados
Dithmenos
Elyvilon
Fedhas
Gozag
Hepliaklqana
Makhleb
Nemelex Xobeh
Okawaru
Qazlal
Ru
Trog
Uskayaw
Wu Jian
Xom
Yredelemnul
Zin
The Shining One

Shops:
D:8 =**

Annotations:
D:10 Fannar


Innate Abilities, Weirdness & Mutations

You are immune to sickness and miasma.
You are immune to poison.
Your flesh is almost immune to the effects of heat. (rF+++)
You are vulnerable to cold. (rC-)
You float through the air rather than walking.
You learn spells naturally, not from books.
Your magical power is your life essence.
You have superior vitality. (+4 MHP)
You are covered in fur. (AC +1)
Your spells are a little harder to cast, but a little more powerful.
You expend health (3 HP) to strengthen your wands.


Message History

You erupt in a blast of force!
The mystic blast hits Fannar!
Fannar is heavily wounded.
Fannar is knocked back by the mystic blast.
The mystic blast hits the ice beast!
The ice beast is moderately wounded.
The mystic blast hits the ice beast!!
The ice beast is severely wounded.
The ice beast is knocked back by the mystic blast.
The ice beast collides with Fannar!
The ice beast is almost dead.
The ice beast attacks as you move away!
The ice beast hits you but does no damage.
The ice beast misses you.
Casting: Iskenderun's Mystic Blast (dangerous; 28% risk of failure)
Confirm with . or Enter, or press ? or * to list all spells.
Casting: Cause Fear (dangerous; 28% risk of failure)
Press: ? - help, Dir - look around, f - activate The ice beast resists with almost no effort.
The ice beast looks frightened!
You feel yourself speed up.
Fannar is engulfed in freezing vapours.
The ice beast attacks as you move away! The ice beast hits you.
The ice beast freezes you!
You slash the ice beast!
You kill the ice beast!
The ice beast disappears in a puff of smoke!
Casting: Cause Fear (dangerous; 28% risk of failure)
Confirm with . or Enter, or press ? or * to list all spells.
Aiming: Fulminant Prism (dangerous; 28% risk of failure)
Press: ? - help, Dir - move target You conjure a prism of explosive energy!
A fulminant prism comes into view.
Fannar casts a spell.
Fannar drains the heat from the surrounding environment!
* * * LOW HITPOINT WARNING * * *
Your fulminant prism resists.
Your fulminant prism crackles loudly.
Fannar casts a spell at you. The bolt of cold hits you!!
You die...

###.## #.# #..# #.# ##.#
#.# #####.#### #.#
.........##########.####
#####.##.......#.....#.#
#.########.#.###.#.# #.#
#...#...#.# #.#
###@#°###.# #.#
#.......# #.. ##.######
##. #.# ####e# #...*#
#Y#### #.........
#...Y.....


You could see Fannar (ally target) and a friendly fulminant prism.

Vanquished Creatures
  A two-headed ogre (D:9)
  2 wolf spider zombies (D:9)
  An orc knight (Bailey)
  3 centaur zombies (D:9)
  2 hellwings (D:8)
  A troll (D:9)
  A meliai zombie (D:9)
  Sigmund (D:2)
  2 wyverns
  3 yaks (D:10)
  2 steam dragons
  2 acid dragons
  A water moccasin (D:7)
  11 orc warriors
  2 black bears (D:6)
  2 ice beasts
  A sky beast (D:7)
  A hornet zombie (D:9)
  3 ogres
  6 centaurs
  2 phantoms
  A gnoll sergeant (D:9)
  A kobold brigand (D:7)
  3 bullfrogs
  3 scorpions
  9 killer bees
  6 jellies
  3 hounds
  3 gnoll boudas
  3 orc priests
  5 iguanas
  3 sleepcaps
  Natasha (twice) (D:4)
  11 orc wizards
  A hound zombie (Ossuary)
  4 mummies (Ossuary)
  23 gnolls
  10 adders
  5 shadow imps (D:9)
  3 ufetubi
  2 worms
  3 dart slugs
  34 orcs
  3 ball pythons
  9 endoplasms
  4 giant cockroaches
  11 hobgoblins
  3 jackals (D:3)
  7 quokkas
  5 bats
  4 frilled lizards
  3 gnoll zombies (Ossuary)
  12 goblins
  A goblin zombie (Ossuary)
  4 hobgoblin zombies (Ossuary)
  2 jackal zombies (Ossuary)
  13 kobolds
  5 rats
  A rat zombie (Ossuary)
  A butterfly (D:5)
276 creatures vanquished.

Vanquished Creatures (collateral kills)
  A kobold (D:1)
1 creature vanquished.

Vanquished Creatures (others)
  An orc (D:8)
  A quokka (D:9)
  23 fulminant prisms
25 creatures vanquished.

Grand Total: 302 creatures vanquished

Notes
Turn   | Place    | Note
-------+----------+-------------------------------------------
     0 | D:1      | javelincjr the Djinni Conjurer began the quest for the Orb.
     0 | D:1      | javelincjr set off with the following spells memorised:
                  | Magic Dart, Searing Ray, Dazzling Flash, Fulminant Prism,
                  | Iskenderun's Mystic Blast.
     0 | D:1      | Reached XP level 1. HP: 15/15 MP: 0/0
    67 | D:1      | Reached XP level 2. HP: 12/21 MP: 0/0
   540 | D:1      | Reached XP level 3. HP: 24/26 MP: 0/0
   540 | D:1      | Learned a level 1 spell: Kiss of Death
   822 | D:2      | Reached skill level 1 in Fighting
   930 | D:2      | Reached XP level 4. HP: 20/32 MP: 0/0
   978 | D:2      | Found a stormy altar of Qazlal.
   988 | D:2      | Became a worshipper of Qazlal Stormbringer
  1053 | D:2      | Identified the +3 whip "Vaukeas" {drain, Contam rPois
                  | Int+2}
  1053 | D:2      | Noticed Sigmund
  1060 | D:2      | Killed Sigmund
  1061 | D:2      | Reached skill level 2 in Fighting
  1061 | D:2      | Reached XP level 5. HP: 25/39 MP: 0/0
  1061 | D:2      | Learned a level 2 spell: Blink
  1061 | D:2      | Reached XP level 6. HP: 29/45 MP: 0/0
  1951 | D:3      | Found a glowing silver altar of Zin.
  1995 | D:3      | Reached skill level 3 in Fighting
  2056 | D:3      | Identified the +0 pair of boots of the Desert {rF+}
  2378 | D:3      | Reached * piety under Qazlal
  2466 | D:3      | Found a faded altar of an unknown god.
  2865 | D:4      | Reached XP level 7. HP: 17/50 MP: 0/0
  2865 | D:4      | Learned a level 3 spell: Mephitic Cloud
  2866 | D:4      | Reached skill level 1 in Armour
  2885 | D:4      | Found a sand-covered staircase.
  2932 | Ossuary  | Entered an ossuary
  3664 | D:4      | Reached ** piety under Qazlal
  3721 | D:4      | Reached skill level 4 in Fighting
  3738 | D:4      | Noticed Natasha
  3756 | D:4      | HP: 1/52 [Natasha/bolt of light (16)]
  3760 | D:4      | Killed Natasha
  3769 | D:4      | Gained mutation: Your muscles are strong. (Str +4, Int/Dex
                  | -1) [potion of mutation]
  3769 | D:4      | Gained mutation: You passively dampen the noise of your
                  | surroundings. [potion of mutation]
  3769 | D:4      | Lost mutation: You passively dampen the noise of your
                  | surroundings. [potion of mutation]
  3769 | D:4      | Gained mutation: You have a pair of small horns on your
                  | head. [potion of mutation]
  3770 | D:4      | Lost mutation: Your muscles are strong. (Str +4, Int/Dex
                  | -1) [potion of mutation]
  3770 | D:4      | Lost mutation: You have a pair of small horns on your head.
                  | [potion of mutation]
  3770 | D:4      | Gained mutation: You are robust. (+10% HP) [potion of
                  | mutation]
  3770 | D:4      | Gained mutation: You are dopey. (Int -2) [potion of
                  | mutation]
  3771 | D:4      | Lost mutation: You are dopey. (Int -2) [potion of mutation]
  3771 | D:4      | Lost mutation: You are robust. (+10% HP) [potion of
                  | mutation]
  3771 | D:4      | Gained mutation: Your flesh is almost immune to the effects
                  | of heat. (rF+++) [potion of mutation]
  3771 | D:4      | Gained mutation: You expend health (3 HP) to strengthen
                  | your wands. [potion of mutation]
  3771 | D:4      | Gained mutation: You are covered in fur. (AC +1) [potion of
                  | mutation]
  3930 | D:4      | Noticed Natasha
  3935 | D:4      | Killed Natasha
  3936 | D:4      | Reached XP level 8. HP: 55/58 MP: 0/0
  3979 | D:5      | Entered Level 5 of the Dungeon
  4160 | D:5      | Reached skill level 5 in Spellcasting
  4359 | D:5      | Found a staircase to the Ecumenical Temple.
  4367 | Temple   | Entered the Ecumenical Temple
  4593 | Temple   | Identified a scroll of acquirement
  4593 | Temple   | Acquired a manual of Short Blades
  5019 | D:6      | Reached skill level 5 in Fighting
  5064 | D:6      | Reached skill level 5 in Dodging
  5064 | D:6      | Reached skill level 1 in Invocations
  5064 | D:6      | Reached XP level 9. HP: 22/65 MP: 0/0
  5064 | D:6      | Learned a level 3 spell: Ozocubu's Armour
  5591 | D:6      | Reached skill level 6 in Fighting
  5591 | D:6      | Reached skill level 5 in Armour
  5908 | D:6      | Reached *** piety under Qazlal
  6090 | D:6      | Found an iron altar of Okawaru.
  6819 | D:7      | Reached XP level 10. HP: 69/73 MP: 0/0
  6947 | D:7      | Found an ornate altar of the Wu Jian Council.
  7452 | D:8      | Reached skill level 7 in Fighting
  7553 | D:8      | Found Xeujenuq's Specific Store.
  7554 | D:8      | Found Geud's General Store.
  8179 | D:8      | Found Zepum's Jewellery Boutique.
  8182 | D:8      | Bought an amulet of regeneration for 330 gold pieces
  8592 | D:8      | HP: 2/75 [hellwing (6)]
  8812 | D:9      | Reached skill level 8 in Fighting
  8812 | D:9      | Reached XP level 11. HP: 31/81 MP: 0/0
  8812 | D:9      | Learned a level 4 spell: Cause Fear
  9000 | D:9      | Identified the +9 mace of the Revolution {distort, rPois
                  | Stlth+}
  9052 | D:9      | Reached **** piety under Qazlal
  9053 | D:9      | Found a flagged portal.
  9058 | Bailey   | Entered a bailey
  9256 | Bailey   | Noticed an orc knight
  9268 | Bailey   | Killed an orc knight
  9292 | Bailey   | Acquired the +13 scythe of Curses {drain, curses, Drain}
  9292 | Bailey   | Found the +13 scythe of Curses {drain, curses, Drain}
  9309 | Bailey   | Gained mutation: Your spells are a little harder to cast,
                  | but a little more powerful. [mutagenic glow]
  9561 | D:9      | Noticed a two-headed ogre
  9576 | D:9      | Killed a two-headed ogre
  9772 | D:9      | Found a white marble altar of Elyvilon.
  9786 | D:9      | Reached skill level 9 in Fighting
 10134 | D:9      | Reached skill level 5 in Invocations
 10273 | D:10     | Entered Level 10 of the Dungeon
 10317 | D:10     | Reached skill level 1 in Polearms
 10346 | D:10     | Found a staircase to the Lair.
 10438 | D:10     | Noticed Fannar
 10455 | D:10     | Killed from afar by Fannar

Illustrated notes

Levels and vault maps discovered:
D:1:      roderic_crop_circles_arrival_small, layout_basic,
          palyth_stone_intersect
D:2:      layout_basic, basic_altar, chequers_avenue,
          hangedman_abyss_or_decor_stabs, uniq_sigmund
D:3:      layout_rooms, lemuel_tele_altar, shapermc_ecumenical_altar_flowoftime,
          chequers_mini_garden
D:4:      layout_cave_pools, lemuel_round_altar,
          lightli_ossuary_entry_decrepit_ruins, uniq_natasha
D:5:      layout_loops_ring, minmay_temple_entry_butterflies,
          serial_bayou_ford_a, kennysheep_generic_room_7
D:6:      layout_basic, lemuel_round_altar, grunt_ministairs_10
D:7:      layout_basic, nzn_wu_jian_contemplation, kennysheep_nub
D:8:      layout_basic, serial_shops, kennysheep_mini_moat,
          nicolae_specific_store, roderic_lattice_a
D:9:      cheibrodos_grave_circle, layout_basic, elyvilon_altar_4,
          enter_bailey_4
D:10:     layout_roguey, lair_entry_dummy, orc_0_dummy, uniq_maggie, uniq_fannar
Temple:   minmay_crystal_spiral_temple

Skill      XL: |  1  2  3  4  5  6  7  8  9 10 11 |
---------------+----------------------------------+-----
Stealth        | 2 |  2.8
Fighting       | 1 2 3 4 5 6 8 9 |  9.1
Dodging        | 3 4 5 6 7 |  7.5
Spellcasting   | 4 5 6 7 |  7.9
Armour         | 2 4 5 7 8 |  8.4
Invocations    | 1 2 4 5 |  5.0
Polearms       | 1 |  1.0

Action                     |  1- 3 |  4- 6 |  7- 9 | 10-12 || total
---------------------------+-------+-------+-------+-------++-------
  Melee: Whip              |       |    63 |   284 |   178 ||   525
         Punch             |       |       |     5 |     3 ||     8
         Scythe            |       |       |       |    43 ||    43
   Cast: Magic Dart        |    65 |    58 |    81 |    90 ||   294
         Searing Ray       |     1 |     4 |    16 |     7 ||    28
         Dazzling Flash    |       |     2 |       |       ||     2
         Blink             |       |       |     3 |       ||     3
         Iskenderun's Myst |       |       |     1 |    32 ||    33
         Fulminant Prism   |       |       |       |    24 ||    24
         Mephitic Cloud    |       |       |       |     1 ||     1
         Cause Fear        |       |       |       |     1 ||     1
    Use: Scroll            |     4 |       |    11 |     2 ||    17
         Potion            |       |       |     5 |     1 ||     6
 Armour: Robe              |     2 |     3 |    12 |       ||    17
         Scale mail        |       |    25 |   222 |   300 ||   547
  Dodge: Dodged            |     7 |    28 |   149 |   222 ||   406
         Repelled          |       |       |       |     2 ||     2
  Block: Other             |       |     3 |    44 |    99 ||   146
